 Dungeon Crawl Stone Soup version 0.25-a0-42-g6c54e25894 (webtiles) character file.

Game seed: 10869273846633435022, levelgen mode: deterministic

414 Johnny the Poker (level 6, -13/52 HPs)
             Began as a Demigod Gladiator on Oct 22, 2019.
             Blown up by Ijyb (33 damage)
             ... with a disintegration bolt
             ... on level 5 of the Dungeon.
             The game lasted 00:04:43 (4656 turns).

Johnny the Poker (Demigod Gladiator)                Turns: 4656, Time: 00:04:43

Health: -13/52     AC:  8    Str: 21    XL:     6   Next: 33%
Magic:  8/8        EV: 12    Int: 12    God:
Gold:   253        SH:  0    Dex: 17    Spells: 5/5 levels left

rFire    . . .     SeeInvis +   u - +0 halberd
rCold    . . .     Gourm    .   (shield currently unavailable)
rNeg     . . .     Faith    .   n - +1 ring mail {rPois}
rPois    +         Spirit   .   s - +1 hat
rElec    .         Reflect  .   B - +0 cloak {rPois}
rCorr    +         Harm     .   (no gloves)
MR       .....                  (no boots)
Stlth    +.........             (no amulet)
HPRegen  0.17/turn              y - ring of see invisible
MPRegen  0.11/turn              v - ring of resist corrosion

@: lightly drained
A: high mp 1
a: no special abilities


You were on level 5 of the Dungeon.
You were not hungry.

You visited 1 branch of the dungeon, and saw 5 of its levels.

You collected 253 gold pieces.

Inventory:

Hand Weapons
 u - a +0 halberd (weapon)
Missiles
 f - 3 throwing nets (quivered)
Armour
 n - a +1 ring mail of poison resistance (worn)
 s - a +1 hat (worn)
 B - a +0 cloak of poison resistance (worn)
Jewellery
 i - a +1 ring of evasion
 o - a +6 ring of intelligence
 v - a ring of resist corrosion (right hand)
 y - a ring of see invisible (left hand)
 z - a +2 ring of intelligence
Scrolls
 e - a scroll of remove curse
 h - 2 scrolls of blinking {unknown}
 l - 2 scrolls of teleportation {unknown}
 p - 2 scrolls of magic mapping {unknown}
 q - 2 scrolls of immolation {unknown}
 t - 3 scrolls of identify
 x - a scroll of enchant armour {unknown}
Potions
 a - a potion of brilliance
 b - a potion of curing
 g - a potion of haste {unknown}
 j - a potion of lignification {unknown}
 k - a potion of heal wounds {unknown}
 m - a potion of might {unknown}
 r - 2 potions of mutation
Comestibles
 d - 10 rations


   Skills:
 + Level 3.9(3.8) Fighting
 * Level 5.8(5.7) Polearms
 - Level 1.7(1.6) Throwing
 - Level 2.6(2.5) Dodging


You had 5 spell levels left.
You didn't know any spells.
Your spell library was empty.

Dungeon Overview and Level Annotations

Branches:
Dungeon (5/15)
 Temple: D:4-7

Shops:
D:4 (

Annotations:
D:5 Ijyb, Prince Ribbit


Innate Abilities, Weirdness & Mutations

You have an increased reservoir of magic. (+10% MP)


Message History

Okay, then.
You climb upwards.
There is a stone staircase leading down here.
You start resting.
You start to feel less resistant.
You start resting.
Your resistance to elements expires.
You start resting.
HP restored.
There is a stone staircase leading down here.
You climb downwards.
Level annotation: Prince Ribbit Ijyb the Twisted Goblin comes into view.
She is carrying a wand of disintegration (3).
Ijyb zaps a wand.
You are blasted!
Ouch! That really hurt!
There is a stone staircase leading up here.
Ijyb is nearby!
Ijyb zaps a wand.
You are blasted!
Ouch! That really hurt!
You die...

#############
#.#............
.g.....@..#
.##.#####.# #
### #..


You could see Ijyb.

Vanquished Creatures
  A wight (D:5)
  Crazy Yiuf (D:4)
  A hound (D:4)
  2 orc wizards (D:3)
  10 adders
  A gnoll (D:2)
  An ooze (D:2)
  7 worms
  4 dart slugs
  4 leopard geckos
  8 orcs (D:3)
  7 giant cockroaches
  9 hobgoblins
  6 jackals
  16 kobolds
  A quokka (D:3)
  A ball python (D:1)
  15 bats
  3 frilled lizards
  13 goblins
  A jackal skeleton (D:4)
  9 rats
121 creatures vanquished.

Notes
Turn   | Place    | Note
-------+----------+-------------------------------------------
     0 | D:1      | Johnny the Demigod Gladiator began the quest for the Orb.
     0 | D:1      | Reached XP level 1. HP: 17/17 MP: 3/3
    62 | D:1      | Reached skill level 3 in Polearms
    66 | D:1      | Reached XP level 2. HP: 24/24 MP: 4/4
   275 | D:1      | Reached XP level 3. HP: 30/30 MP: 5/5
   566 | D:2      | Reached skill level 4 in Polearms
   946 | D:2      | Reached XP level 4. HP: 37/37 MP: 6/6
  2045 | D:3      | Reached XP level 5. HP: 36/45 MP: 7/7
  2055 | D:3      | Reached skill level 5 in Polearms
  3290 | D:4      | Reached XP level 6. HP: 48/52 MP: 8/8
  3295 | D:4      | Found Wuideredgh's Antique Weapon Shoppe.
  3587 | D:4      | Found a runed translucent door.
  3588 | D:4      | Noticed Crazy Yiuf
  3605 | D:4      | Killed Crazy Yiuf
  4125 | D:5      | Entered Level 5 of the Dungeon
  4130 | D:5      | Found a burning altar of Makhleb.
  4142 | D:5      | Noticed Prince Ribbit
  4655 | D:5      | Noticed Ijyb
  4656 | D:5      | Blown up by Ijyb

Levels and vault maps discovered:
D:1:      tarquinn_simple_flora_water_d, layout_rooms, minmay_pentomino_v4
D:2:      minmay_razor_zed, layout_basic, kennysheep_generic_room_11
D:3:      layout_loops_ring, roderic_roman_lattice, minmay_vboxes
D:4:      layout_layer_cave, serial_shops, shop_fountains, grunt_decor_cap,
          uniq_crazy_yiuf_cottage
D:5:      layout_loops_ring, minmay_temple_entry_large_hall, first_ration,
          hangedman_feature_mirror, uniq_ijyb, uniq_prince_ribbit1

Skill      XL: |  1  2  3  4  5 |
---------------+----------------+-----
Fighting       | 2 3 |  3.9
Polearms       | 3 4 5 |  5.8
Throwing       | |  1.7
Dodging        | |  2.6

Action                   |  1- 3 |  4- 6 || total
-------------------------+-------+-------++-------
Melee: Trident           |   137 |    85 ||   222
       Halberd           |       |   145 ||   145
  Use: Scroll            |       |     5 ||     5
       Potion            |       |     2 ||     2
  Eat: Chunk             |       |     7 ||     7
       Ration            |       |     2 ||     2
Armor: Chain mail        |    58 |     5 ||    63
       Ring mail         |       |    53 ||    53
Dodge: Dodged            |    50 |   135 ||   185

Table legend:
 A = Non-vault XP
 B = Vault XP
 C = Vault XP percentage of total XP
 D = Non-vault monster count
 E = Vault monster count
 F = Vault count percentage of total count
                 A         B        C        D         E       F
            +---------+---------+-------+---------+---------+-------
      Total |     390 |     202 |  34.1 |      96 |      25 |  20.7
            +---------+---------+-------+---------+---------+-------
        D:1 |      60 |       5 |   7.7 |      33 |       3 |   8.3
        D:2 |      94 |      59 |  38.6 |      30 |      12 |  28.6
        D:3 |     161 |      34 |  17.4 |      27 |       8 |  22.9
        D:4 |      75 |      42 |  35.9 |       6 |       1 |  14.3
        D:5 |       0 |      62 | 100.0 |       0 |       1 | 100.0
            +---------+---------+-------+---------+---------+-------
